 Dungeon Crawl Stone Soup version 0.28.0-1-gb440e238dd (webtiles) character file.

Game seed: 5804807083855669067

51 pkoi the Insei (level 3, -9/31 HPs)
             Began as a Draconian Monk on Feb 22, 2022.
             Was a Believer of Cheibriados.
             Killed by divine providence
             ... invoked by an orc priest
              (14 damage)
             ... on level 3 of the Dungeon.
             The game lasted 00:02:43 (2202 turns).

pkoi the Insei (Draconian Monk)                     Turns: 2202, Time: 00:02:43

Health: -9/31      AC:  5    Str: 17    XL:     3   Next: 58%
Magic:  3/3        EV: 17    Int: 16    God:    Cheibriados [**....]
Gold:   85         SH:  0    Dex: 17    Spells: 2/2 levels left

rFire   . . .      SeeInvis .     - Unarmed
rCold   . . .      Faith    .   (no shield)
rNeg    . . .      Spirit   .   (armour unavailable)
rPois   .          Reflect  .   (helmet restricted)
rElec   .          Harm     .   (no cloak)
rCorr   .          Rampage  .   (no gloves)
Will    .....                   (no boots)
Stlth   ++........              k - amulet of magic regeneration
HPRegen 0.10/turn               g - +4 ring of slaying
MPRegen 0.48/turn               e - +4 ring of evasion

@: very slow
A: AC +5, unfitting armour, cold-blooded
a: Renounce Religion, Bend Time


You were on level 3 of the Dungeon.
You worshipped Cheibriados.
Cheibriados was pleased with you.
You visited 1 branch of the dungeon, and saw 3 of its levels.

You collected 85 gold pieces.

Inventory:

Jewellery
 d - a +6 ring of dexterity
 e - a +4 ring of evasion (right hand)
 g - a +4 ring of slaying (left hand)
 k - an amulet of magic regeneration (around neck)
Scrolls
 a - 2 scrolls of identify {unknown}
 b - 2 scrolls of magic mapping {unknown}
 c - a scroll of holy word {unknown}
 f - 3 scrolls of enchant armour {unknown}
 h - a scroll of enchant weapon {unknown}
 i - a scroll of vulnerability {unknown}
Potions
 j - 2 potions of heal wounds {unknown}


   Skills:
 + Level 3.4 Fighting
 + Level 2.8 Dodging
 - Level 1.7 Stealth
 + Level 4.3 Unarmed Combat
 + Level 0.3 Invocations


You had 2 spell levels left.
You didn't know any spells.
Your spell library contained the following spells:

 Spells                   Type           Power      Damage    Failure   Level
 Pain                     Necr           0%         1d4       26%         1
 Passwall                 Tmut/Erth      0%         N/A       36%         2
 Iskenderun's Mystic Bla  Conj/Tloc      0%         2d3       94%         4
 Agony                    Necr           0%         N/A       100%        5
 Excruciating Wounds      Necr           0%         N/A       100%        5


Dungeon Overview and Level Annotations

Branches:
Dungeon (3/15)

Altars:
Cheibriados
Kikubaaqudgha
Uskayaw
Yredelemnul
The Shining One

Annotations:
D:2 Sigmund


Innate Abilities, Weirdness & Mutations

Your plain brown scales are hard. (AC +5)
You cannot fit into any form of body armour.
You are cold-blooded and may be slowed by cold attacks.


Message History

A rat is nearby!
You hit the rat.
You kill the rat!
Cheibriados appreciates the change of pace.
An orc priest comes into view. It is wielding a +0 flail.
An orc priest is nearby!
An orc priest is nearby!
An orc priest comes into view. It is wielding a +0 trident.
The orc priest shouts!
The orc priest calls down the wrath of Beogh upon you.
Beogh smites you!
* * * LOW HITPOINT WARNING * * *
The orc priest moves out of view.
An orc comes into view. It is wielding a +0 flail.
The orc priest mumbles some strange prayers to Beogh against you.
You barely resist. You hit the orc priest.
The orc priest is moderately wounded.
You punch the orc!
You kill the orc!
Cheibriados thoroughly appreciates the change of pace.
You closely miss the orc priest.
You tail-slap the orc priest, but do no damage.
The orc priest is lightly wounded.
Found a whip.
The orc priest closely misses you.
The orc priest hits you with a +0 flail.
* * * LOW HITPOINT WARNING * * *
The orc priest hits you with a +0 trident.
* * * LOW HITPOINT WARNING * * *
The orc priest hits you with a +0 flail.
* * * LOW HITPOINT WARNING * * *
You see here a +0 flail.
You hit the orc priest.
The orc priest is moderately wounded.
The orc priest mumbles some strange prayers to Beogh against you.
Pain shoots through your body!
* * * LOW HITPOINT WARNING * * *
The orc priest invokes the aid of Beogh against you.
Beogh smites you!
You die...

##.###....##
#.######..#
#..######.#####
###..##.........
#.............##
#.##..#.......#
###.###.........##
#o..#
###รท.......#
#@### #.........
#.....o.#
#.#######.
...#####. #.## #.
)# #.<## ## .#
#.###..# # ##
#......#####
#####......##
##.###.#. #>......


You could see 2 orc priests.

Vanquished Creatures
  A worm (D:3)
  A dart slug (D:2)
  2 orcs (D:3)
  2 endoplasms
  5 giant cockroaches
  6 goblins
  5 hobgoblins
  A quokka (D:1)
  6 ball pythons
  5 frilled lizards
  4 kobolds
  4 rats
42 creatures vanquished.

Notes
Turn   | Place    | Note
-------+----------+-------------------------------------------
     0 | D:1      | pkoi the Draconian Monk began the quest for the Orb.
     0 | D:1      | Reached XP level 1. HP: 19/19 MP: 1/1
   213 | D:1      | Reached XP level 2. HP: 22/26 MP: 2/2
   799 | D:1      | Reached skill level 4 in Unarmed Combat
  1036 | D:2      | Noticed Sigmund
  1180 | D:2      | Got Sif Muna's Collected Works on Clay and Orientation
  1327 | D:2      | Found an ancient bone altar of Kikubaaqudgha.
  1386 | D:2      | Reached XP level 3. HP: 31/31 MP: 3/3
  1854 | D:3      | Found a basalt altar of Yredelemnul.
  2015 | D:3      | Found a hide-covered altar of Uskayaw.
  2016 | D:3      | Found a glowing golden altar of the Shining One.
  2017 | D:3      | Found a snail-covered altar of Cheibriados.
  2033 | D:3      | Became a worshipper of Cheibriados the Contemplative
  2033 | D:3      | Reached * piety under Cheibriados
  2033 | D:3      | Reached ** piety under Cheibriados
  2202 | D:3      | Killed from afar by an orc priest

Illustrated notes

Levels and vault maps discovered:
D:1:      mrwooster_arrival_arrow, layout_loops_ring, corexii_hall_statues_s,
          minmay_misc_feat_columns, minmay_box_of_dots
D:2:      layout_loops_corners, basic_altar, skrybe_limestone_x, uniq_sigmund
D:3:      layout_rooms, yredelemnul_altar_generic, minitemple,
          basic_ecumenical_altar

Skill      XL: |  1  2 |
---------------+-------+-----
Unarmed Combat | 4 |  4.3
Fighting       | |  3.4
Dodging        | |  2.8
Stealth        | |  1.7
Invocations    | |  0.3

Action                   || total
-------------------------++-------
Melee: Unarmed           ||   120
       Tailslap          ||    12
       Punch             ||     4
 Stab: Sleeping          ||     6
Armor: Skin              ||    18
Dodge: Dodged            ||    82
